 Dungeon Crawl Stone Soup version 0.31-a0-507-gbafd7f5274 (webtiles) character file.

Game seed: 17152413115909237294

33490 RepHenryClay the Bludgeoner (level 14, -5/104 HPs)
             Began as a Formicid Fighter on Aug 10, 2023.
             Was a High Priest of Okawaru.
             Slain by a sun demon (9 damage)
             ... on level 2 of the Orcish Mines.
             The game lasted 00:37:00 (18093 turns).

RepHenryClay the Bludgeoner (Formicid Fighter)     Turns: 18093, Time: 00:37:01

Health: -5/104     AC: 22    Str: 26    XL:     14   Next: 8%
Magic:  20/21      EV: 11    Int:  8    God:    Okawaru [*****.]
Gold:   1495       SH: 14    Dex: 13    Spells: 13/13 levels left

rFire   + . .        G - +1 eveningstar (drain)
rCold   + . .        b - +0 kite shield
rNeg    . . .        x - +3 chain mail
rPois   .            (helmet unavailable)
rElec   .            w - scarf {rC+ rF+}
rCorr   +            f - +0 pair of gloves
SInv    +            (no boots)
Will    +....        (no amulet) Stlth
                     p - +4 ring of protection
HPRegen 0.37/turn    J - ring of resist corrosion
MPRegen 0.17/turn

%: no passive effects
@: heroic
A: permanent stasis, dig shafts and tunnels, antennae 3, four strong arms
a: Dig, Shaft Self, Renounce Religion, Heroism, Finesse, Duel


You were on level 2 of the Orcish Mines.
You worshipped Okawaru.
Okawaru was extremely pleased with you.
You visited 2 branches of the dungeon, and saw 14 of its levels.
You also visited: Ice Cave.

You collected 1495 gold pieces.

Inventory:

Hand Weapons
 a - a +0 demon whip of venom
 s - the +1 executioner's axe of Puepnic {freeze, Int+5}
   (Okawaru gifted it to you in an ice cave)

   Int+5:     It affects your intelligence (+5).
 G - a +1 eveningstar of draining (weapon)
Missiles
 g - 2 darts of dispersal
 l - 5 javelins
 q - 13 poisoned darts
 y - a throwing net
 A - 2 atropa-tipped darts
Armour
 b - a +0 kite shield (worn)
 f - a +0 pair of gloves (worn)
 h - a +2 chain mail of cold resistance
 v - a +1 leather armour of cold resistance
 w - a scarf of resistance (worn)
 x - a +3 chain mail (worn)
 D - +0 swamp dragon scales
 I - the +5 ice dragon scales "Ganoetyw" {rF- rC++ rCorr Stlth+}
   (You found it in an ice cave)

   rF-:       It makes you vulnerable to fire.
   rC++:      It greatly protects you from cold.
   rCorr:     It protects you from acid and corrosion.
   Stlth+:    It makes you more stealthy.
Jewellery
 p - a +4 ring of protection (left hand)
 J - a ring of resist corrosion (right hand)
Wands
 c - a wand of quicksilver (7)
 e - a wand of flame (40)
 u - a wand of roots (4)
 z - a wand of mindburst (12)
 B - a wand of digging (6)
Scrolls
 m - a scroll of poison
 n - 2 scrolls of fog
 F - a scroll of revelation
Potions
 d - 4 potions of might
 i - a potion of curing
 j - 5 potions of lignification
 k - 3 potions of brilliance
 o - 5 potions of ambrosia
 r - 3 potions of magic
 t - a potion of resistance
 C - 2 potions of heal wounds


   Skills:
 - Level 7.7(12.7) Fighting
 + Level 15.3(20.3) Maces & Flails
 - Level 12.0(17.0) Armour
 - Level 12.8(17.8) Shields
 - Level 10.0 Invocations


You had 13 spell levels left.
You didn't know any spells.
Your spell library contained the following spells:

 Spells                   Type           Power      Damage    Failure   Level
 Freeze                   Ice            0%         1d3       86%         1
 Poisonous Vapours        Pois/Air       0%         N/A       95%         2
 Scorch                   Fire           0%         2d5       95%         2
 Mephitic Cloud           Conj/Pois/Air  0%         N/A       99%         3
 Flame Wave               Conj/Fire      0%         2d4       100%        4
 Arcjolt                  Conj/Air       0%         1d10      100%        5
 Freezing Cloud           Conj/Ice/Air   0%         6-21      100%        5
 Maxwell's Capacitive Co  Air            0%         ∞         100%        8
 Polar Vortex             Ice            0%         N/A       100%        9
 Vhi's Electric Charge    Tloc/Air       Unusable   N/A       N/A         3
 Summon Cactus Giant      Summ           Unusable   N/A       N/A         6

Dungeon Overview and Level Annotations

Branches:
Dungeon (12/15)            Temple (0/1) D:7             Orc (2/2) D:10
    Elf (0/3) Orc:2         IceCv (visited)
   Lair: D:8-11

Altars:
Ashenzari
Cheibriados
Dithmenos
Elyvilon
Fedhas
Hepliaklqana
Makhleb
Okawaru
Qazlal
Trog
Vehumet
Yredelemnul
The Shining One

Shops:
D:9 *   Orc:2 **

Annotations:
D:8 1 transporter, Jeremiah
D:9 unfinished


Innate Abilities, Weirdness & Mutations

You cannot be hasted, slowed, berserked, paralysed or teleported.
You can dig through walls and to a lower floor.
You have a pair of large antennae on your head. (SInv)
Your four strong arms can wield two-handed weapons with a shield.


Message History

You barely miss the sun demon.
The sun demon is severely wounded.
You block the sun demon's attack.
You miss the sun demon.
The sun demon is severely wounded.
The sun demon hits you.
* * * LOW HITPOINT WARNING * * *
You are engulfed in flames.
You resist.
* * * LOW HITPOINT WARNING * * *
Huge Dmg: -9%(-9hp) hp: 14%(14hp)
You feel much better. The sun demon hits you!
* * * LOW HITPOINT WARNING * * *
You are engulfed in flames!
You resist.
* * * LOW HITPOINT WARNING * * *
You hear a shout!
You hit the sun demon.
The sun demon is severely wounded.
You hear a shout!
You block the sun demon's attack.
You hear a shout! x2
You barely miss the sun demon.
The sun demon is severely wounded.
You hear a shout! x3
You block the sun demon's attack.
You barely miss the sun demon.
The sun demon is severely wounded.
You block the sun demon's attack.
You thump the sun demon!
The sun demon is almost dead.
The sun demon hits you!
* * * LOW HITPOINT WARNING * * *
You are engulfed in flames!
You resist.
* * * LOW HITPOINT WARNING * * *
Huge Dmg: -15%(-15hp) hp: 9%(9hp)
You barely miss the sun demon.
The sun demon is almost dead.
The sun demon hits you.
* * * LOW HITPOINT WARNING * * *
You are engulfed in flames!
You resist.
You die...

# ##..........)).####..............
###..#.#.....#)#..###..............
##..##....#....##..###.............
#..###...###...###..###..).........
..###...##{##...###..###)).........
.###...## {{##...###..##[).........
###...## { ##...###..)........... #
...# { {##...###............. { {{
{ ##@#)###............ {{ { {
##3..###...........
#.#)###............ {
#...###.............
#{..###...[.......... {
#..{###...............
{#.{.###.)..............
....###)................
.#.###..................


You could see a sun demon.

Vanquished Creatures
  An azure jelly (IceCv)
  An orc warlord (D:10)
  3 quicksilver oozes (IceCv)
  4 two-headed ogres
  An orc high priest (Orc:2)
  Amaemon (D:8)
  Pikel (D:5)
  3 orc knights
  2 deep elf pyromancers (D:12)
  2 orc sorcerers
  A manticore (D:12)
  A cyclops (D:12)
  An ice statue (IceCv)
  21 slime creatures
  A gargoyle (D:12)
  2 orange demons
  Maggie (D:6)
  2 unseen horrors
  2 kobold demonologists (D:11)
  3 ice devils
  6 trolls
  Sigmund (D:2)
  5 wraiths
  A shadow (D:11)
  13 yaks
  2 wyverns
  2 steam dragons (D:8)
  3 wargs
  3 acid dragons
  A water moccasin (D:7)
  37 orc warriors
  A sky beast (D:7)
  3 ice beasts
  4 great orb of eyes simulacra (IceCv)
  3 black bears
  12 centaurs
  3 ogres
  A phantom (D:5)
  2 kobold brigands
  3 slime creature simulacra (IceCv)
  2 gnoll sergeants
  Blork the orc (D:6)
  A bullfrog (D:7)
  2 scorpions
  5 glowing shapeshifter simulacra (IceCv)
  15 wights
  5 howler monkeys
  2 jellies
  22 orc priests
  5 hounds
  Terence (D:2)
  An iguana (D:4)
  15 orc wizards
  4 shapeshifter simulacra (IceCv)
  Robin (D:3)
  15 gnolls
  6 adders
  5 shadow imps
  4 white imps
  A worm (D:2)
  2 dart slugs
  73 orcs
  6 bats
  7 endoplasms
  4 giant cockroaches
  14 goblins
  3 hobgoblins (D:3)
  7 jackals
  2 quokkas
  7 ball pythons
  A frilled lizard (D:3)
  12 kobolds
  3 rats
414 creatures vanquished.

Notes
Turn   | Place    | Note
-------+----------+-------------------------------------------
     0 | D:1      | RepHenryClay the Formicid Fighter began the quest for the
                  | Orb.
     0 | D:1      | Reached XP level 1. HP: 18/18 MP: 1/1
   120 | D:1      | Reached XP level 2. HP: 20/24 MP: 2/2
   764 | D:2      | Reached XP level 3. HP: 27/29 MP: 3/3
   871 | D:2      | Reached skill level 3 in Maces & Flails
  1084 | D:2      | Noticed Sigmund
  1096 | D:2      | Killed Sigmund
  1097 | D:2      | Reached skill level 4 in Maces & Flails
  1097 | D:2      | Reached skill level 5 in Shields
  1097 | D:2      | Reached XP level 4. HP: 32/35 MP: 4/4
  1097 | D:2      | Reached XP level 5. HP: 38/41 MP: 5/5
  1097 | D:2      | Reached XP level 6. HP: 44/47 MP: 6/6
  1529 | D:2      | Noticed Terence
  1536 | D:2      | Killed Terence
  1894 | D:3      | Noticed Robin
  1910 | D:3      | Killed Robin
  1931 | D:3      | Noticed a shadow
  1933 | D:3      | Found a shadowy altar of Dithmenos.
  1935 | D:3      | Found a hazy altar of Hepliaklqana.
  2023 | D:3      | Found a glowing golden altar of the Shining One.
  2603 | D:4      | Reached skill level 5 in Maces & Flails
  2611 | D:3      | Reached XP level 7. HP: 40/52 MP: 7/7
  2681 | D:4      | Found a basalt altar of Yredelemnul.
  2726 | D:4      | Found an iron altar of Okawaru.
  2762 | D:4      | Became a worshipper of Warmaster Okawaru
  3015 | D:4      | Reached skill level 5 in Armour
  3226 | D:4      | Reached skill level 6 in Maces & Flails
  3342 | D:4      | Reached XP level 8. HP: 57/58 MP: 8/8
  3602 | D:5      | Entered Level 5 of the Dungeon
  3625 | D:5      | Reached * piety under Okawaru
  3691 | D:5      | Reached skill level 1 in Invocations
  3958 | D:5      | Found a burning altar of Makhleb.
  3971 | D:5      | Found a blossoming altar of Fedhas.
  4006 | D:5      | Reached skill level 5 in Invocations
  4266 | D:5      | Noticed Pikel
  4284 | D:5      | Killed Pikel
  4284 | D:5      | Reached ** piety under Okawaru
  4285 | D:5      | Reached skill level 7 in Maces & Flails
  4285 | D:5      | Reached XP level 9. HP: 48/64 MP: 12/12
  4596 | D:6      | Noticed Maggie
  4625 | D:6      | Killed Maggie
  4626 | D:6      | Reached skill level 8 in Maces & Flails
  4909 | D:6      | Noticed Blork the orc
  4926 | D:6      | Killed Blork the orc
  5330 | D:6      | Found a stormy altar of Qazlal.
  5477 | D:7      | Reached XP level 10. HP: 68/70 MP: 13/13
  5489 | D:7      | Reached skill level 9 in Maces & Flails
  5507 | D:7      | Reached *** piety under Okawaru
  5736 | D:7      | Found a staircase to the Ecumenical Temple.
  5843 | D:7      | Found a broken altar of Ashenzari.
  5965 | D:7      | Found a radiant altar of Vehumet.
  6283 | D:7      | Found a bloodstained altar of Trog.
  6292 | D:7      | Found a white marble altar of Elyvilon.
  6413 | D:8      | Found a transporter.
  6570 | D:8      | Noticed an orange demon
  6610 | D:7      | Killed an orange demon
  6611 | D:7      | Reached skill level 10 in Maces & Flails
  6803 | D:8      | Reached skill level 10 in Shields
  6820 | D:8      | Noticed Amaemon
  6845 | D:8      | Killed Amaemon
  7068 | D:8      | Noticed Jeremiah
  7274 | D:9      | Reached **** piety under Okawaru
  7346 | D:8      | Reached XP level 11. HP: 54/75 MP: 14/14
  7429 | D:8      | Reached skill level 11 in Maces & Flails
  7717 | D:9      | Reached skill level 10 in Armour
  7887 | D:9      | Reached ***** piety under Okawaru
  7943 | D:9      | Received a gift from Okawaru
  8231 | D:9      | Noticed a two-headed ogre
  8231 | D:9      | Noticed a two-headed ogre
  8250 | D:9      | Killed a two-headed ogre
  8251 | D:9      | Reached skill level 12 in Maces & Flails
  8257 | D:9      | Killed a two-headed ogre
  8386 | D:9      | Found Reenim's Island Escapes.
  8693 | D:10     | Entered Level 10 of the Dungeon
  8697 | D:10     | Found a staircase to the Orcish Mines.
  8716 | D:10     | Received a gift from Okawaru
  8751 | D:10     | Noticed a two-headed ogre
  8762 | D:10     | Killed a two-headed ogre
  8871 | D:10     | Found a snail-covered altar of Cheibriados.
  9569 | D:10     | Noticed a two-headed ogre
  9586 | D:10     | Killed a two-headed ogre
  9587 | D:10     | Reached XP level 12. HP: 64/81 MP: 15/15
 10024 | D:10     | Found a staircase to the Orcish Mines.
 10131 | D:10     | Found a snail-covered altar of Cheibriados.
 11047 | D:11     | Reached skill level 5 in Fighting
 11058 | D:12     | Noticed a sun demon
 11160 | D:12     | Found a frozen archway.
 11307 | IceCv    | Entered an ice cave
 11408 | IceCv    | Noticed a quicksilver ooze
 11413 | IceCv    | Killed a quicksilver ooze
 11413 | IceCv    | Identified the +1 executioner's axe of Puepnic {freeze,
                  | Int+5} (Okawaru gifted it to you in an ice cave)
 11413 | IceCv    | Received a gift from Okawaru
 12530 | IceCv    | Noticed a quicksilver ooze
 12540 | IceCv    | Killed a quicksilver ooze
 12540 | IceCv    | Received a gift from Okawaru
 12586 | IceCv    | HP: 1/92 [slime creature (11)]
 12940 | IceCv    | Reached skill level 13 in Maces & Flails
 13007 | IceCv    | Reached XP level 13. HP: 98/98 MP: 13/16
 13044 | IceCv    | Noticed an azure jelly
 13055 | IceCv    | Killed an azure jelly
 13285 | IceCv    | Found a viscous altar of Jiyva.
 13288 | IceCv    | Noticed a quicksilver ooze
 13296 | IceCv    | Killed a quicksilver ooze
 13401 | IceCv    | Got the Octavo of the Lonely Seas
 13402 | IceCv    | Identified the +5 ice dragon scales "Ganoetyw" {rF- rC++
                  | rCorr Stlth+}
 14171 | D:11     | Reached skill level 10 in Invocations
 14771 | Orc:1    | Entered Level 1 of the Orcish Mines
 15214 | Orc:1    | Noticed an orc warlord
 15316 | D:10     | Killed an orc warlord
 15317 | D:10     | Reached skill level 14 in Maces & Flails
 16054 | Orc:2    | Entered Level 2 of the Orcish Mines
 16741 | Orc:2    | Found a staircase to the Elven Halls.
 17109 | Orc:2    | Found Eluamn's General Store.
 17381 | Orc:2    | Found Vuishuyc's General Store.
 17483 | Orc:2    | Reached skill level 15 in Maces & Flails
 17940 | Orc:2    | Reached XP level 14. HP: 83/104 MP: 21/21
 18093 | Orc:2    | HP: 4/104 [sun demon (6)]
 18093 | Orc:2    | Slain by a sun demon

Illustrated notes

Levels and vault maps discovered:
D:1:      arrival_zaba_pyramid, layout_basic
D:2:      layout_loops_corners, minmay_misc_feat_x, uniq_terence, uniq_sigmund
D:3:      layout_loops_ring, riverfiend_overflow_shadow_ancestor,
          tso_metal_star, uniq_robin
D:4:      layout_loops_cross, mainiacjoe_overflow_catch_the_wave,
          grunt_ministairs_10, minivault_19, amcnicky_mini_pool_small,
          chequers_serial_rivers_large_a
D:5:      layout_loops_ring, mainiacjoe_overflow_catwalk_spiral, st_stairs_3,
          uniq_pikel
D:6:      lemuel_ice_spiral_2, layout_basic, marbit_many_paths, uniq_maggie,
          uniq_blork_the_orc
D:7:      layout_loops_cross, mainiacjoe_overflow_swirl, vehumet_crystals,
          ashenzari_conservatory_becter, minmay_temple_entry_tees,
          serial_bayou_pond_b
D:8:      layout_rooms, erik_lair_orcish_takeover, minmay_misc_feat_iff,
          nicolae_diode_basic, uniq_amaemon, uniq_jeremiah
D:9:      layout_roguey, nicolae_island_escapes
D:10:     layout_gridville, kennysheep_slug_shrine, orc_0_dummy
D:11:     layout_basic
D:12:     layout_rooms, portal_ice_cave_demonic_guard
Orc:1:    layout_caves
Orc:2:    pf_orc_diabolical, layout_caves

Skill      XL: |  1  2  3  4  5  6  7  8  9 10 11 12 13 |
---------------+----------------------------------------+-----
Maces & Flails | 4 5 6 7 8 10 12 13 15 | 15.3
Armour         | 4 5 6 7 9 11 12 | 12.0
Shields        | 5 6 7 8 10 12 | 12.8
Invocations    | 5 10 | 10.0
Fighting       | 7 |  7.7

Action                     |  1- 3 |  4- 6 |  7- 9 | 10-12 | 13-15 || total
---------------------------+-------+-------+-------+-------+-------++-------
  Melee: Flail             |   101 |    27 |    66 |   139 |       ||   333
         Mace              |       |    59 |   165 |       |       ||   224
         Demon whip        |       |       |       |   447 |    20 ||   467
         Morningstar       |       |       |       |    68 |       ||    68
         Eveningstar       |       |       |       |    92 |   434 ||   526
 Invoke: Heroism           |       |       |     1 |    12 |     6 ||    19
Ability: Dig               |       |       |       |     1 |     1 ||     2
  Evoke: Wand              |       |       |       |     4 |     1 ||     5
    Use: Potion            |     4 |       |     1 |     9 |     5 ||    19
         Scroll            |       |       |     3 |    13 |     2 ||    18
 Armour: Scale mail        |    67 |    32 |       |       |       ||    99
         Skin              |     7 |       |       |       |       ||     7
         Chain mail        |       |    18 |   190 |   260 |   146 ||   614
         Leather armour    |       |       |       |    24 |    44 ||    68
  Dodge: Dodged            |    44 |    34 |   119 |   216 |   137 ||   550
  Block: Buckler           |    32 |    26 |    85 |    90 |       ||   233
         Kite shield       |       |       |       |   129 |   329 ||   458

Table legend: (Time is in decaauts)
 A = Elapsed time spent in this place.
 B = Non-inter-level travel time spent in this place.
 C = Inter-level travel time spent in this place.
 D = Time resting spent in this place.
 E = Time spent auto-exploring this place.
 F = Levels seen in this place.
 G = Mean time per level.
                   A        B        C        D        E       F      G
               +--------+--------+--------+--------+--------+-----+--------+
         Total |  18000 |  17511 |    489 |   2805 |  10997 |  15 | 1200.0 |
       Dungeon |  13064 |  12640 |    424 |   1852 |   8334 |  12 | 1088.7 |
  Orcish Mines |   2780 |   2716 |     64 |    595 |   1445 |   2 | 1390.0 |
      Ice Cave |   2154 |   2154 |      0 |    358 |   1218 |   1 | 2154.0 |
               +--------+--------+--------+--------+--------+-----+--------+

Top non-repeatable levels by time:
   IceCv: 2154 daAuts
    D:10: 2145 daAuts
     D:7: 1487 daAuts
   Orc:2: 1393 daAuts
   Orc:1: 1387 daAuts
     D:2: 1174 daAuts
     D:5: 1095 daAuts
    D:12: 1064 daAuts
     D:9: 1062 daAuts
    D:11: 1060 daAuts
     D:4: 1018 daAuts
     D:6: 800 daAuts
     D:3: 798 daAuts
     D:1: 742 daAuts
     D:8: 613 daAuts
